[Event "*** Titled Tuesday Blitz"]
[Site "Chess.com"]
[Date "2020.01.07"]
[Round "3"]
[White "iLuusions"]
[Black "aa175"]
[Result "1-0"]
[WhiteElo "2462"]
[BlackElo "2233"]
[TimeControl "180+2"]
[EndTime "13:39:30 PST"]
[Termination "iLuusions won by resignation"]

1. d4 Nf6 2. c4 g6 3. Nc3 Bg7 4. e4 d6 5. h3 O-O 6. Bg5 Nc6 7.
Nf3 h6 8. Be3 e5 9. d5 Ne7 10. Be2 Nh7 11. Qd2 g5 12. g4 Ng6 13.
c5 Nf4 14. O-O-O b6 15. c6 a5 16. Bb5 Ba6 17. Bxa6 Rxa6 18. a4 Ra8 19. Kb1 Qf6 20. Ng1 Ng2 21. Nge2 Qf3 22. Ng3 Nf6 23. Rhf1 Nxe3 24.
Qxe3 Qf4 25. Nf5 Qxe3 26. fxe3 Kh7 27. Kc2 Rfe8 28. Kd3 Ng8 29. Nb5 Rac8 30. Nfxd6 cxd6 31. Nxd6 f6 32. Nxe8 Rxe8 33. Kc4 Ne7 34. Kb5 Nc8 35.
d6 Re6 36. d7 Na7+ 37. Ka6 Nxc6 38. d8=Q Nxd8 39. Rxd8 Rc6 40. Rfd1 Rc4 41. R1d7 h5 42.
Re8 Kg6 43. Rg8 hxg4 44. hxg4 Rxe4 1-0

[Event "*** Titled Tuesday Blitz"]
[Site "Chess.com"]
[Date "2020.01.07"]
[Round "3"]
[White "Naruto-K"]
[Black "GremioPrudente"]
[Result "1-0"]
[WhiteElo "2493"]
[BlackElo "2261"]
[TimeControl "180+2"]
[EndTime "13:39:32 PST"]
[Termination "Naruto-K won on time"]

1. d4 e6 2. Nf3 d5 3. Bf4 Bd6 4. Bg3 Nf6 5. e3 O-O 6. Nbd2 c5 7. c3 Qc7 8. Bd3 Nbd7 9. e4 dxe4 10. Nxe4 Nxe4 11.
Bxe4 Nf6 12. Bc2 b6 13. dxc5 Bxg3 14. hxg3 Qxc5 15. Qe2 Bb7 16. Rd1 Bxf3 17. gxf3 Rad8 18. Rxd8 Rxd8 19. Qe3 Qxe3+ 20. fxe3 g6 21. Ke2 h5 22. Rh4 Kf8 23. Rc4 Ke7 24. Ba4 Kd6 25. Rc6+ Kd5 26. e4+ Nxe4 27. fxe4+ Kxe4 28. Rc7 f5 29. Rxa7 f4 30. Bc2+ Ke5 31. gxf4+ Kxf4 32. Rf7+ Kg5 33. Rg7 Ra8 34. Rxg6+ Kh4 35. a3 e5 36. Rxb6 Kg3 37.
Ke3 h4 38. Rg6+ Kh2 39. Rg2+ Kxg2 40. Be4+ Kg1 41. Bxa8 h3 42. a4 h2 43. a5 e4 44.
Bxe4 h1=Q 45. Bxh1 Kxh1 46. a6 Kg2 47. a7 Kg3 48. a8=Q 1-0

[Event "*** Titled Tuesday Blitz"]
[Site "Chess.com"]
[Date "2020.01.07"]
[Round "3"]
[White "Chessalary"]
[Black "FearlessKing64"]
[Result "1-0"]
[WhiteElo "2080"]
[BlackElo "2293"]
[TimeControl "180+2"]
[EndTime "13:39:32 PST"]
[Termination "Chessalary won by resignation"]

1. e4 c5 2. Nf3 d6 3. d4 cxd4 4. Nxd4 Nf6 5. Nc3 a6 6. Bc4 e6 7. Bb3 b5 8. O-O b4 9. Na4 Bd7 10.
Re1 Nc6 11. Nxc6 Bxc6 12. f3 d5 13. e5 Nd7 14. Kh1 Qa5 15. c3 bxc3 16. Nxc3 Bc5 17.
Bd2 Qc7 18. f4 g5 19. f5 d4 20. fxe6 fxe6 21. Qh5+ Kd8 22. Bxg5+ Kc8 23. Ne4 Bxe4 24. Rxe4 Qc6 25. Rf4 h6 26. Bf6 Rg8 27. Qf3 Qxf3 28.
Rxf3 Nxf6 29. exf6 Kd7 30. Re1 Rgf8 31. Bxe6+ Kd6 32. f7 Ra7 33. Bb3 Re7 34. Rf6+ Kd7 35. Rxe7+ Kxe7 36. Rxa6 d3 37. Rc6 d2 38. Rxc5 Rxf7 39.
Rc7+ Kd6 40. Rxf7 1-0

[Event "*** Titled Tuesday Blitz"]
[Site "Chess.com"]
[Date "2020.01.07"]
[Round "3"]
[White "narutosmith"]
[Black "KRASAVCHIK2002"]
[Result "0-1"]
[WhiteElo "2254"]
[BlackElo "2462"]
[TimeControl "180+2"]
[EndTime "13:39:33 PST"]
[Termination "KRASAVCHIK2002 won by resignation"]

1. d4 Nf6 2. c4 g6 3. Nc3 d5 4. e3 Bg7 5. Qb3 dxc4 6. Bxc4 O-O 7. Nf3 Nbd7 8. O-O Nb6 9. e4 Nxc4 10. Qxc4 c6 11. d5 cxd5 12. exd5 Ne8 13. Bf4 Nd6 14. Qe2 Bd7 15. Be5 Bh6 16. Rfe1 Re8 17. Rad1 Rc8 18.
b3 Qa5 19. Qd3 f6 20. Bxd6 Rxc3 21. Qd4 exd6 22. Rxe8+ Bxe8 23. Qxf6 Qxd5 24. Re1 Rc1 25. Rxc1 Bxc1 26. h4 Bh6 27. Qe7 Qc6 28. Qd8 Qd7 29. Qf6 Bg7 30. Qf4 d5 31. Ng5 h6 32. Nf3 d4 33.
Qd2 Bf7 34. Qd3 a6 35. h5 g5 36. Nd2 Bxh5 37. Ne4 Bf7 38. f3 Qc6 39. Nd2 Qc3 40. Qe2 d3 41. Qe1 Qc2 42. Kh1 Bc3 0-1

[Event "*** Titled Tuesday Blitz"]
[Site "Chess.com"]
[Date "2020.01.07"]
[Round "3"]
[White "1e41-0"]
[Black "Daxasy"]
[Result "0-1"]
[WhiteElo "2541"]
[BlackElo "2805"]
[TimeControl "180+2"]
[EndTime "13:39:34 PST"]
[Termination "Daxasy won by resignation"]

1. d4 Nf6 2. c4 e6 3. Nc3 Bb4 4. f3 d5 5. a3 Bxc3+ 6. bxc3 O-O 7. cxd5 exd5 8. e3 b6 9. Bd3 Ba6 10. Ne2 Bxd3 11. Qxd3 Nc6 12. O-O Re8 13. Ng3 Qe7 14. Ra2 h5 15. Re2 g6 16. e4 dxe4 17. fxe4 Nh7 18. Ref2 f6 19. Qc4+ Qe6 20. Qxe6+ Rxe6 21. d5 Rd6 22. dxc6 Rxc6 23. Ne2 Re8 24. Rf4 Rc5 25. Be3 Ra5 26. Bd4 f5 27. Ng3 c5 28. exf5 g5 29.
Re4 Rxe4 30. Nxe4 cxd4 31. cxd4 Rd5 32. Ng3 Nf6 33. Rc1 Rxd4 34. Rc8+ Kg7 35. Rc7+ Kh6 36. Rc6 Kg7 37. Rc7+ Kf8 38. Rxa7 Ng4 39. Kf1 Nxh2+ 40. Ke2 h4 41. Ke3 Rf4 42. Ne4 Rxf5 43. Rb7 Ng4+ 44. Kd4 Nf6 45. Rxb6 Nxe4 46. Kxe4 Rf2 47. g3 h3 48. Rh6 g4 49. a4 Rf1 50. a5 Kg7 51. Rh4 Kf6 52. a6 Ra1 53. Kf4 Ra4+ 54. Ke3 Kg5 55.
Rh7 Rxa6 56. Ke4 Ra3 57. Rg7+ Kh5 58. Kf4 Rf3+ 59. Ke5 Rxg3 60. Kf5 Rf3+ 61. Ke4 Kh4 0-1

[Event "*** Titled Tuesday Blitz"]
[Site "Chess.com"]
[Date "2020.01.07"]
[Round "3"]
[White "el-reptiliano"]
[Black "Heineccius"]
[Result "0-1"]
[WhiteElo "2320"]
[BlackElo "2660"]
[TimeControl "180+2"]
[EndTime "13:39:34 PST"]
[Termination "Heineccius won by resignation"]

1. Nf3 Nf6 2. c4 e6 3. e3 d5 4. b3 Bd6 5. Bb2 O-O 6. Nc3 Nbd7 7. cxd5 exd5 8. d4 c6 9. g3 Re8 10. Bg2 Qe7 11. O-O Nf8 12. Ne2 Ng6 13. Rc1 Bf5 14.
Re1 Qd7 15. Nf4 Be4 16. Nd3 Qe7 17. Bh3 Nd7 18. a3 a5 19. Nf4 Qd8 20. Nxg6 Bxg6 21. Nh4 Be4 22. f3 Bg6 23. Nxg6 hxg6 24. Qd3 Nf6 25.
Bg2 Qb6 26. e4 dxe4 27. fxe4 Rad8 28. Qc4 Be5 29. Rcd1 a4 30. Kh1 Ng4 31. Re2 Qxb3 32. Qxb3 axb3 33. h3 Nf6 34. Rd3 Nh5 35. Kh2 c5 36. d5 Bxb2 37. Rxb2 c4 38. Rc3 b5 39. a4 bxa4 40. Rxc4 Ra8 41. d6 a3 42. Rxb3 a2 43. Rc1 a1=Q 44. Rxa1 Rxa1 45. e5 Rd8 46. g4 Nf4 47. Bc6 Re1 48. Kg3 Ne6 49. Rb5 Nd4 50. Rd5 Nxc6 0-1

[Event "*** Titled Tuesday Blitz"]
[Site "Chess.com"]
[Date "2020.01.07"]
[Round "3"]
[White "FedaMaster"]
[Black "ChessSkool"]
[Result "1-0"]
[WhiteElo "2457"]
[BlackElo "2670"]
[TimeControl "180+2"]
[EndTime "13:39:34 PST"]
[Termination "FedaMaster won by resignation"]

1. e4 c6 2. d4 d5 3. e5 Bf5 4. h4 h5 5. Bd3 Bxd3 6. Qxd3 Qa5+ 7. Nd2 e6 8. c3 Qa6 9. Qxa6 Nxa6 10. b4 Ne7 11.
Nb3 Nb8 12. Bg5 Nd7 13. Bxe7 Bxe7 14. a4 Nb6 15. a5 Nc4 16. Nf3 Kd7 17. Ke2 f6 18.
exf6 gxf6 19. Nc5+ Bxc5 20. bxc5 e5 21. Nd2 Nxd2 22.
Kxd2 Rhg8 23. g3 Rg4 24. Ra4 Kc7 25. Rb1 Rb8 26. a6 bxa6 27. Rxb8 Kxb8 28. dxe5 Rg6 29. e6 f5 30. Rf4 Rxe6 31. Rxf5 a5 32. Rxh5 a4 33. Rf5 Kb7 34. Rf4 Ka6 35. Rxa4+ Kb5 36. Rxa7 Kxc5 37. Ra4 Re8 38. g4 Rf8 39. Ke3 Re8+ 40.
Kd3 Rf8 41. f4 Rb8 42. f5 Rb1 43. Rf4 Rb8 44. g5 Kd6 45. f6 Ke5 46. Rf2 Ke6 47. f7 Ke7 48. f8=Q+ Rxf8 49. Rxf8 Kxf8 50. Kd4 Kg7 51.
Kc5 1-0

[Event "*** Titled Tuesday Blitz"]
[Site "Chess.com"]
[Date "2020.01.07"]
[Round "3"]
[White "Konavets"]
[Black "kleinebeer98"]
[Result "1-0"]
[WhiteElo "2970"]
[BlackElo "2694"]
[TimeControl "180+2"]
[EndTime "13:39:35 PST"]
[Termination "Konavets won by checkmate"]

1. e4 e5 2. Nf3 Nc6 3. Bb5 f5 4.
d3 fxe4 5. dxe4 Nf6 6. Qd3 d6 7. Nc3 Be7 8. Qc4 Qd7 9. Ng5 Rf8 10. Nd5 a6 11. Bxc6 bxc6 12. Nxe7 Kxe7 13. f3 h6 14. Nh3 a5 15. Nf2 Ba6 16. Qc3 a4 17. b3 Rfb8 18. Nd3 Bxd3 19. Qxd3 axb3 20. cxb3 Qe6 21.
Bb2 c5 22. Qc2 Kf7 23. O-O Kg8 24. Kh1 Nh5 25. Bc3 Nf4 26. Qd2 Kh7 27. g3 Ng6 28. Rae1 Rf8 29. f4 exf4 30. gxf4 Qg4 31. f5 Ne5 32.
Rf4 Qh3 33. Rg1 Rf7 34. Rg3 Qh5 35. Bxe5 dxe5 36. Rfg4 Kh8 37. Kg1 Re7 38. Rg6 Rg8 39. f6 Rf7 40. Qd5 Qe2 41. Qxf7 Qe1+ 42. Kg2 Qxe4+ 43.
Kf1 Qb1+ 44. Kf2 Qxa2+ 45. Kf3 Qa8+ 46. Ke3 Qa1 47. Rxh6+ gxh6 48. Qxg8# 1-0

[Event "*** Titled Tuesday Blitz"]
[Site "Chess.com"]
[Date "2020.01.07"]
[Round "3"]
[White "lucasran"]
[Black "Eliwood44"]
[Result "1-0"]
[WhiteElo "2667"]
[BlackElo "2328"]
[TimeControl "180+2"]
[EndTime "13:39:36 PST"]
[Termination "lucasran won by resignation"]

1. Nf3 Nf6 2. c4 e6 3. g3 d5 4. Bg2 Be7 5. O-O d4 6. e3 c5 7. exd4 cxd4 8. d3 O-O 9. Re1 Nc6 10. Ne5 Nxe5 11. Rxe5 Bd6 12. Re1 e5 13. Nd2 Bf5 14.
Qc2 Qc7 15. a3 Rac8 16. b4 a5 17. Rb1 axb4 18. axb4 b6 19. Qb3 h6 20. Bb2 Rfe8 21. Re2 Bg4 22. Ree1 Bf5 23. Ra1 Bg6 24. Ra6 Rb8 25. Rea1 e4 26. Bxd4 exd3 27. Bxf6 gxf6 28. Ra7 Qd8 29. Bd5 Re7 30. Ra8 Kg7 31. Nf3 Be5 32. Rxb8 Qxb8 33. Rd1 Qd6 34. Nh4 Bh7 35. Rxd3 Ra7 36.
Rf3 Ra1+ 37. Kg2 b5 38. c5 Qb8 39. Bxf7 Qd8 40. Bd5 Qd7 41. Be6 Qd2 42. Qd5 Qxd5 43. Bxd5 Rb1 44. Rb3 Rxb3 45. Bxb3 Bc3 46. c6 Be5 47.
Be6 Be4+ 48. f3 Bxc6 49. Nf5+ Kg6 50. Ne7+ Kg7 51. Nxc6 1-0

[Event "*** Titled Tuesday Blitz"]
[Site "Chess.com"]
[Date "2020.01.07"]
[Round "3"]
[White "Gordima"]
[Black "Gnechko_Ruslan"]
[Result "1/2-1/2"]
[WhiteElo "2793"]
[BlackElo "2491"]
[TimeControl "180+2"]
[EndTime "13:39:36 PST"]
[Termination "Game drawn by repetition"]

1. d4 d5 2. c4 c6 3. Nc3 Nf6 4. e3 a6 5. Nf3 b5 6. b3 Bg4 7. a4 bxc4 8. bxc4 e6 9. Bd2 Nbd7 10. a5 e5 11. cxd5 exd4 12. exd4 cxd5 13. Be2 Bd6 14. h3 Bh5 15. Ne5 Bxe2 16. Qxe2 O-O 17. O-O Re8 18. f4 Bb4 19. Qd3 Bxc3 20. Bxc3 Ne4 21.
Bb4 f6 22. Qb3 Nxe5 23. dxe5 fxe5 24. Rad1 Nf6 25. fxe5 Rxe5 26. Bc3 Re3 27. Rxf6 Rxc3 28. Qxc3 gxf6 29. Qc6 Rc8 30. Qe6+ Kg7 31. Qxa6 Qd7 32. Qd3 Rc5 33. Ra1 Qa7 34. Kh1 d4 35. a6 Rc3 36.
Qd2 Rc6 37. Qe2 Rd6 38. Rb1 Rd7 39. Qg4+ Kh6 40. Qf4+ Kg6 41. Qg4+ Kh6 42. Qh4+ Kg7 43. Qg4+ Kh6 1/2-1/2

[Event "*** Titled Tuesday Blitz"]
[Site "Chess.com"]
[Date "2020.01.07"]
[Round "3"]
[White "The_Chess_Coach"]
[Black "adriangschnitzer"]
[Result "0-1"]
[WhiteElo "2198"]
[BlackElo "2545"]
[TimeControl "180+2"]
[EndTime "13:39:38 PST"]
[Termination "adriangschnitzer won by resignation"]

1. d4 Nf6 2. c4 c5 3. d5 b5 4. Qc2 b4 5. b3 d6 6. Bb2 g6 7. e4 Bg7 8. Nd2 O-O 9. Bd3 e5 10. Ne2 Nh5 11. O-O f5 12. a3 bxa3 13. Rxa3 f4 14.
Nc3 Na6 15. Rfa1 Nb4 16. Qb1 a6 17. Bf1 g5 18. Na2 g4 19. f3 Qh4 20. Nxb4 cxb4 21. Ra4 Ng3 22. Qe1 Rf6 23. c5 Rh6 24. Kf2 Qxh2 25. Bxa6 Bf6 26. Qg1 Qxg1+ 27. Kxg1 Rh1+ 28. Kf2 Rxa1 29. Bxa1 Rxa6 30. Rxb4 Rxa1 31. Rb8 dxc5 32.
Rxc8+ Kf7 33. Rc7+ Kg6 34. Rxc5 Bd8 35. fxg4 Bb6 36. b4 Kg5 37. Nf3+ Kf6 38. Nd2 Bxc5+ 39. bxc5 Ra2 40. Ke1 Rxd2 41. c6 Nxe4 42. d6 Rxd6 43.
c7 Rc6 44. Ke2 Rxc7 45. Kf3 Ng5+ 0-1

[Event "*** Titled Tuesday Blitz"]
[Site "Chess.com"]
[Date "2020.01.07"]
[Round "3"]
[White "GMHess"]
[Black "RitvarsReimanis"]
[Result "1-0"]
[WhiteElo "2752"]
[BlackElo "2572"]
[TimeControl "180+2"]
[EndTime "13:39:41 PST"]
[Termination "GMHess won on time"]

1. a3 a5 2. h3 b6 3. e4 Bb7 4. Nc3 e6 5. d4 d6 6. Nf3 Nd7 7. d5 e5 8. Bb5 Nf6 9. g4 h6 10. Be3 Qc8 11. g5 hxg5 12. Nxg5 Be7 13. Rg1 Ba6 14. Bc6 Bb7 15. Bxb7 Qxb7 16. Qd3 c6 17.
dxc6 Qxc6 18. O-O-O Rb8 19. Nd5 Nxd5 20. exd5 Qc7 21.
Nxf7 Rf8 22. Ng5 Bxg5 23. Rxg5 Nf6 24. Rdg1 Rf7 25. f4 e4 26. Qb5+ Kf8 27. Qc6 Rc8 28.
Qxc7 Rfxc7 29. c3 Rb8 30. Bd4 Ne8 31. Re1 Re7 32. h4 b5 33. b4 axb4 34. axb4 Ra8 35. Kb2 Kf7 36. h5 Nf6 37. h6 g6 38. f5 Rg8 39.
fxg6+ Rxg6 40. Rxg6 Kxg6 41. Rg1+ 1-0

[Event "*** Titled Tuesday Blitz"]
[Site "Chess.com"]
[Date "2020.01.07"]
[Round "3"]
[White "Hrant_ChessMood"]
[Black "nurgyulsalimova"]
[Result "1-0"]
[WhiteElo "2925"]
[BlackElo "2606"]
[TimeControl "180+2"]
[EndTime "13:39:43 PST"]
[Termination "Hrant_ChessMood won by resignation"]

1. e4 e5 2. Nf3 Nc6 3. Bc4 Nf6 4. Ng5 d5 5. exd5 Na5 6. Bb5+ c6 7. dxc6 bxc6 8. Bd3 Nd5 9. Nf3 Bd6 10. O-O O-O 11.
Re1 Re8 12. Nc3 f5 13. Bf1 e4 14. Nd4 Qf6 15. Nxd5 cxd5 16. c3 Bd7 17. d3 Nc6 18.
dxe4 Nxd4 19. Qxd4 Qxd4 20. cxd4 fxe4 21. Be3 a5 22.
Rec1 a4 23. Rc2 Reb8 24. Be2 Rb6 25. Rd1 Rab8 26. Bc1 Kf7 27. f3 Bf5 28. fxe4 Bxe4 29. Bd3 Bxd3 30. Rxd3 Rb4 31. h3 Be7 32. Rc7 R4b7 33.
Rf3+ Kg8 34. Rc2 Bf6 35. Rd3 Rb4 36. Rcd2 Bg5 37. Rd1 Bxc1 38. Rxc1 Rxb2 39. Rc7 Rxa2 40. Re3 a3 41. Ree7 Ra1+ 42. Kh2 a2 43. Rxg7+ Kf8 44. Rcf7+ Ke8 45. Ra7 Kf8 46. Rxh7 Kg8 47. Rh5 Rb2 48.
Rxd5 Rf1 49. Rd8+ Rf8 50. Rxf8+ Kxf8 51. h4 1-0

[Event "*** Titled Tuesday Blitz"]
[Site "Chess.com"]
[Date "2020.01.07"]
[Round "3"]
[White "Zq1"]
[Black "mersad_98"]
[Result "0-1"]
[WhiteElo "2522"]
[BlackElo "2753"]
[TimeControl "180+2"]
[EndTime "13:39:43 PST"]
[Termination "mersad_98 won by resignation"]

1. d4 d5 2. c4 dxc4 3. e3 e5 4. Bxc4 exd4 5. exd4 Nf6 6. Nf3 Bd6 7. O-O O-O 8. h3 Nc6 9. Nc3 h6 10. Re1 Bf5 11. a3 Qd7 12. Be3 a6 13. d5 Ne5 14.
Nxe5 Bxe5 15. Bd4 Bxd4 16. Qxd4 Rfe8 17. Rad1 Qd6 18. f4 Nd7 19. b4 Kf8 20. Kf2 Qb6 21. Qxb6 Nxb6 22. Bb3 Rxe1 23. Rxe1 Nc8 24. g4 Bd7 25.
Ne4 b6 26. Rc1 Ra7 27. a4 Nd6 28. Ke3 Nxe4 29. Kxe4 Ke7 30. a5 Kd6 31. Kd4 Rb7 32. axb6 cxb6 33. Ra1 Ra7 34. Bc4 a5 35. bxa5 Rxa5 36.
Rb1 b5 37. Bb3 Ra3 38. Rb2 Ra1 39. Ra2 Rxa2 40. Bxa2 h5 41. f5 h4 42. Bb3 Bc8 43. Ba2 f6 44. Bb3 Ba6 45. Bd1 b4 46. Bb3 Bf1 0-1

[Event "*** Titled Tuesday Blitz"]
[Site "Chess.com"]
[Date "2020.01.07"]
[Round "3"]
[White "W_Amadeus"]
[Black "ChessyInstinct"]
[Result "0-1"]
[WhiteElo "2673"]
[BlackElo "2457"]
[TimeControl "180+2"]
[EndTime "13:39:43 PST"]
[Termination "ChessyInstinct won by resignation"]

1. e4 e5 2. Nf3 Nc6 3. Bc4 Bc5 4. O-O Nf6 5. d3 O-O 6. c3 d5 7. exd5 Nxd5 8. Re1 Bg4 9. h3 Bh5 10. Nbd2 f6 11. b4 Bb6 12. a4 a6 13. Ba3 Re8 14.
Qb3 Bf7 15. d4 Qd7 16. dxe5 Nxe5 17. Nxe5 fxe5 18. Nf3 e4 19. Ng5 Bxf2+ 20. Kxf2 Qf5+ 21. Kg1 Qxg5 22. Rad1 c6 23. Bc1 Qg6 24. a5 Nf6 25.
Be3 Bxc4 26. Qxc4+ Qf7 27. Qc5 Rad8 28. Rxd8 Rxd8 29.
Bd4 Re8 30. Qd6 Qe6 31. Qg3 h6 32. Kh1 Re7 33. Kg1 Nh5 34. Qh4 Nf6 35. Kh1 Nd5 36.
Qg3 Kh7 37. Kh2 Qg6 38. Qb8 Qg5 39. Rf1 e3 40. Rf8 e2 41. Rh8+ Kg6 42. Bxg7 Qf4+ 43. Qxf4 Nxf4 0-1

[Event "*** Titled Tuesday Blitz"]
[Site "Chess.com"]
[Date "2020.01.07"]
[Round "3"]
[White "letantha"]
[Black "PawnEatingZombie"]
[Result "0-1"]
[WhiteElo "1815"]
[BlackElo "2296"]
[TimeControl "180+2"]
[EndTime "13:39:44 PST"]
[Termination "PawnEatingZombie won by resignation"]

1. e4 c6 2. Nc3 d5 3. Nf3 dxe4 4.
Nxe4 Nf6 5. Qe2 Nxe4 6. Qxe4 Qa5 7.
Bc4 Bf5 8. Qe2 e6 9. O-O Be7 10. d4 O-O 11. c3 Nd7 12. h3 b5 13. Bb3 Qc7 14. a4 a6 15. Be3 Nf6 16. Ne5 Bd6 17. Bf4 Rfb8 18. Bg3 Be4 19. Nxf7 Kxf7 20. f3 Bd5 21.
Bxd6 Qxd6 22. Bc2 Bc4 23. Bd3 Bxd3 24. Qxd3 b4 25. Rf2 bxc3 26. bxc3 Rb3 27. Re2 a5 28. Rae1 Re8 29. Qc4 Rb7 30. Qd3 c5 31. Qc4 cxd4 32. cxd4 Rb4 33. Qa2 Rxd4 34. Re5 Rd1 35. Qc2 Rxe1+ 36.
Rxe1 Rd8 37. Qc4 Qd4+ 38. Qxd4 Rxd4 39. Re5 Rxa4 40. Rb5 Ra2 41. Kh2 a4 42. Kg3 Nd5 43.
Rb7+ Kf6 44. f4 h6 45. Kh4 a3 46. g4 Nxf4 47. Rb3 Nd5 48. Rf3+ Ke7 49. Rb3 Ra1 50. Kh5 a2 51. Ra3 Nb4 52. Kg6 Rb1 53. Ra7+ Kd6 0-1

[Event "*** Titled Tuesday Blitz"]
[Site "Chess.com"]
[Date "2020.01.07"]
[Round "3"]
[White "enzovsky"]
[Black "Chesscoach_Golichenko"]
[Result "0-1"]
[WhiteElo "2250"]
[BlackElo "2551"]
[TimeControl "180+2"]
[EndTime "13:39:47 PST"]
[Termination "Chesscoach_Golichenko won on time"]

1. e4 c5 2. Nf3 d6 3. d4 cxd4 4. Nxd4 Nf6 5. Nc3 a6 6. Bg5 e6 7. f4 Nbd7 8. Qe2 Qc7 9. O-O-O b5 10. a3 Bb7 11. g4 Be7 12. Bg2 h6 13. Bxf6 Nxf6 14. h4 Nd7 15. g5 Nb6 16. g6 Bf6 17. e5 dxe5 18. Ndxb5 axb5 19. Nxb5 Qc5 20. Bxb7 Rb8 21.
gxf7+ Ke7 22. fxe5 Bxe5 23. Rhe1 Nc4 24. b3 Rxb7 25. Qxc4 Rxb5 26. Qxc5+ Rxc5 27. b4 Bf4+ 28. Kb2 Re5 29. Rf1 Rf5 30. c4 Kxf7 31. Kb3 Rb8 32.
b5 g5 33. hxg5 hxg5 34. a4 g4 35. a5 g3 36. a6 Be3 37. Rh1 g2 38. Rhg1 Bxg1 39.
Rxg1 Rg8 40. Kb4 Rf1 41. Rxg2 Rxg2 42. b6 Rb2+ 43. Kc5 Ra1 44. a7 Ra6 0-1

[Event "*** Titled Tuesday Blitz"]
[Site "Chess.com"]
[Date "2020.01.07"]
[Round "3"]
[White "ahachess"]
[Black "WarlordX"]
[Result "0-1"]
[WhiteElo "2246"]
[BlackElo "2484"]
[TimeControl "180+2"]
[EndTime "13:39:50 PST"]
[Termination "WarlordX won by resignation"]

1. d4 Nf6 2. c4 g6 3. Nc3 Bg7 4. e4 d6 5. Nf3 O-O 6. Be2 Nc6 7. O-O e5 8. d5 Ne7 9. Ne1 Ne8 10. Be3 f5 11. f3 f4 12. Bf2 g5 13. g4 fxg3 14. hxg3 h5 15. Kg2 Ng6 16. Nd3 Rf7 17. Rc1 h4 18. g4 Bf8 19. Kh3 Nf6 20. Kg2 Rh7 21.
Rh1 Bd7 22. Be3 Ne8 23. Qd2 Be7 24. b4 c6 25. c5 Rg7 26. cxd6 Nxd6 27. Nc5 Nf4+ 28.
Bxf4 gxf4 29. Kh3 Bc8 30. dxc6 bxc6 31. Rcd1 Qf8 32. Rhg1 a5 33. a3 axb4 34. axb4 Nf7 35. Bc4 Bxc5 36. bxc5 Qxc5 37. Qd8+ Qf8 38. Qc7 Kh7 39. Rh1 Ng5+ 40. Kg2 Rxc7 41. Rxh4+ Kg7 42. Ne2 Qc5 43. Bb3 Be6 44. Bxe6 Nxe6 45. Rdh1 Ng5 46. Rh5 Kg6 47. Rh6+ Kg7 48. R6h5 Nf7 49. Rh7+ Kf6 50.
R1h5 Ra2 51. Rf5+ Ke6 52. Kf1 Qe3 53. Nxf4+ exf4 54. Rhxf7 Qxf3+ 0-1

[Event "*** Titled Tuesday Blitz"]
[Site "Chess.com"]
[Date "2020.01.07"]
[Round "3"]
[White "BilodeauA"]
[Black "Sashadav97"]
[Result "1-0"]
[WhiteElo "2801"]
[BlackElo "2581"]
[TimeControl "180+2"]
[EndTime "13:39:52 PST"]
[Termination "BilodeauA won by resignation"]

1. e4 c5 2. Nf3 Nc6 3. d4 cxd4 4. Nxd4 Nf6 5. Nc3 d6 6. Be2 e5 7. Nf3 h6 8. O-O Be7 9. h3 O-O 10. Re1 a6 11. Bf1 b5 12. a4 b4 13. Nd5 Bb7 14.
Be3 Nxd5 15. exd5 Nb8 16. c4 Nd7 17. a5 f5 18. Bd2 b3 19. Qxb3 Nc5 20. Qc2 Bf6 21.
Be3 Rc8 22. b4 Nd7 23. Qxf5 e4 24. Nd4 Ne5 25. Ne6 Qd7 26. Rac1 Rf7 27. Nd4 Qc7 28.
Qxe4 Re8 29. Qc2 Bc8 30. Bd3 Bh4 31. Bf5 Bxf5 32. Nxf5 Qd8 33. c5 Ref8 34. Nxh4 Qxh4 35. f4 Rxf4 36. Bxf4 Rxf4 37. Re3 Qg5 38. Rce1 Nf3+ 39. Rxf3 Rxf3 40. c6 Qg3 41. Re8+ Kf7 42. Qe2 Rf6 43.
Re7+ Kg6 44. c7 Qc3 45. Qg4+ 1-0

[Event "*** Titled Tuesday Blitz"]
[Site "Chess.com"]
[Date "2020.01.07"]
[Round "3"]
[White "manmanlai1"]
[Black "DamianoLew95"]
[Result "0-1"]
[WhiteElo "2375"]
[BlackElo "2594"]
[TimeControl "180+2"]
[EndTime "13:39:55 PST"]
[Termination "DamianoLew95 won by resignation"]

1. e4 c5 2. Nf3 Nc6 3. Bb5 d6 4. Bxc6+ bxc6 5. O-O e5 6. c3 Nf6 7. Re1 Be7 8. d4 cxd4 9. cxd4 exd4 10. Nxd4 Bd7 11.
Nc3 O-O 12. b3 c5 13. Nde2 Re8 14. Bb2 Bf8 15. f3 Bc6 16. Nf4 Rb8 17. Qd3 Qb6 18. Kh1 Qb4 19. Re2 a5 20. Rd1 a4 21. Nxa4 Bb5 22.
Qe3 Bxe2 23. Nxe2 Nd7 24. Nf4 Qb7 25. Nc3 c4 26. Nh5 cxb3 27. a3 Re5 28. g4 Qb6 29. Qd2 Qa5 30. Qf4 Qc5 31. Rd2 Qc4 32. Kg2 Nc5 33. Nd5 Rxd5 34. Rxd5 Qe2+ 35. Kg3 Qxb2 36. Rxc5 dxc5 37. Qxb8 Qc3 38. Nf4 b2 39. Nd5 Qe1+ 40.
Kh3 Qf1+ 41. Kg3 g5 42. Qxb2 Bd6+ 43. f4 Bxf4+ 44. Nxf4 Qxf4+ 45. Kg2 Qxe4+ 46. Kf2 Qf4+ 47. Ke1 Qe3+ 48. Kf1 Qf3+ 49. Ke1 Qh1+ 0-1

[Event "*** Titled Tuesday Blitz"]
[Site "Chess.com"]
[Date "2020.01.07"]
[Round "3"]
[White "Playgood28"]
[Black "valeriocarnicelli"]
[Result "1-0"]
[WhiteElo "2292"]
[BlackElo "2502"]
[TimeControl "180+2"]
[EndTime "13:39:55 PST"]
[Termination "Playgood28 won by resignation"]

1. d4 d5 2. c4 c6 3. e3 Nf6 4. Nc3 e6 5. Nf3 Nbd7 6. Bd3 dxc4 7. Bxc4 b5 8. Be2 Bb7 9. O-O a6 10. a3 c5 11. dxc5 Bxc5 12. b4 Be7 13. Bb2 O-O 14.
Rc1 Rc8 15. Qb3 Rc7 16. a4 bxa4 17. Nxa4 Rxc1 18. Rxc1 Qb8 19. Nd4 Ne5 20. Nc5 Neg4 21. g3 Ba8 22. Nxa6 Qb7 23. Nc6 Kh8 24. b5 Rc8 25. Qa4 h5 26. Ba3 Bxa3 27. Qxa3 Ne5 28. Nab4 h4 29. Qc3 Ng6 30. Qd4 h3 31. Ra1 Qc7 32. Ra7 Qb8 33. Nxb8 Rc1+ 34. Bd1 Bf3 35. Ra1 Rxa1 36. Qxa1 Ne5 37. Bxf3 Nxf3+ 38. Kh1 Ng4 39. Nd3 e5 40. Qd1 e4 41. Qe2 f5 42. Nf4 Ngxh2 43.
Nxh3 Ng4 44. Kg2 Kh7 45. Nf4 Nge5 46. Nc6 Ng4 47. b6 g5 48. b7 gxf4 49. exf4 e3 50. Qxf3 1-0

[Event "*** Titled Tuesday Blitz"]
[Site "Chess.com"]
[Date "2020.01.07"]
[Round "3"]
[White "Rainbow2014"]
[Black "oskariot"]
[Result "0-1"]
[WhiteElo "2268"]
[BlackElo "2603"]
[TimeControl "180+2"]
[EndTime "13:40:04 PST"]
[Termination "oskariot won on time"]

1. e4 e6 2. d4 d5 3. Nd2 c5 4.
exd5 exd5 5. Ngf3 Nf6 6. Bb5+ Bd7 7. Bxd7+ Nbxd7 8. O-O Be7 9. dxc5 Nxc5 10. Nb3 Nce4 11. Nbd4 Nd6 12. c3 O-O 13. Bf4 Nfe4 14. Re1 Bf6 15. Be5 Be7 16. Bxd6 Bxd6 17. Nf5 Bc5 18. N3d4 Qf6 19. Qf3 Rfe8 20. Rad1 Rad8 21. h3 Re5 22. Ne3 Qg6 23. Ndf5 h5 24. Nh4 Qf6 25. Qxf6 Nxf6 26.
Nef5 Rxe1+ 27. Rxe1 g6 28. Ne7+ Kf8 29. Nexg6+ fxg6 30.
Nxg6+ Kg7 31. Nf4 Kf7 32. b4 Bb6 33. Ne6 Re8 34. Ng5+ Kg6 35. Rxe8 Nxe8 36. Ne6 Kf5 37.
Nf8 Ke4 38. g4 hxg4 39. hxg4 Kf4 40. Kf1 Kxg4 41. Ke2 Kf5 42. f3 Nf6 43. Kd3 Bd8 44.
a4 Be7 45. Nd7 Nxd7 0-1

[Event "*** Titled Tuesday Blitz"]
[Site "Chess.com"]
[Date "2020.01.07"]
[Round "3"]
[White "AndrewDGreen"]
[Black "enriquetejedor"]
[Result "0-1"]
[WhiteElo "2220"]
[BlackElo "2481"]
[TimeControl "180+2"]
[EndTime "13:40:06 PST"]
[Termination "enriquetejedor won by resignation"]

1. d4 f5 2. Bg5 Nf6 3. Bxf6 exf6 4. e3 d5 5. c4 Be6 6. Nc3 Bb4 7. Qb3 Nc6 8. Rc1 O-O 9. a3 Bxc3+ 10. Rxc3 Na5 11.
Qb4 Nxc4 12. Bxc4 dxc4 13. Ne2 a5 14. Qxb7 Rb8 15. Qa6 Rb6 16. Qxa5 Rxb2 17. Nc1 Qa8 18. Qxa8 Rxa8 19. O-O Rab8 20. Rd1 c6 21. Kf1 Ra8 22.
Ke1 h6 23. Rd2 Rb1 24. Ra2 Ra4 25. g3 h5 26. h4 g5 27. Kd2 f4 28. e4 fxg3 29.
fxg3 Kf7 30. Kc2 Rb3 31. Ne2 Rb8 32. Rb2 Rba8 33. Ra2 Rg8 34. Ra1 Raa8 35. Rf1 gxh4 36.
gxh4 Rg2 37. Kd2 Bg4 38. Re1 Rb8 39. Rc2 Rb3 40. a4 Rd3+ 41. Kc1 Ra3 42. Rxc4 Ra1+ 43.
Kd2 Rxe1 44. Kxe1 Rxe2+ 45. Kf1 Rxe4 46. Rxc6 Rxd4 47. a5 Ra4 48. a6 Be6 49. Kf2 Rxh4 50. Rb6 Ra4 0-1